 Dungeon Crawl Stone Soup version 0.25-a0-651-g8c222c7a2b (webtiles) character file.

Game seed: 8096694336548153361, levelgen mode: deterministic

23 CryoSword the Shield-Bearer (level 2, -7/29 HPs)
             Began as a Troll Fighter on Mar 22, 2020.
             Mangled by Crazy Yiuf
             ... wielding a +3 quarterstaff of chaos
              (11 damage)
             ... while paralysed by Crazy Yiuf
             ... on level 2 of the Dungeon.
             The game lasted 00:01:10 (691 turns).

CryoSword the Shield-Bearer (Troll Fighter)          Turns: 691, Time: 00:01:11

Health: -7/29      AC:  6    Str: 23    XL:     2   Next: 72%
Magic:  0/1        EV:  1    Int:  4    God:
Gold:   21         SH:  0    Dex:  9    Spells: 1/1 levels left

rFire    . . .     SeeInvis .     - Unarmed
rCold    . . .     Gourm    +   b - +0 kite shield
rNeg     . . .     Faith    .   a - +0 robe
rPois    .         Spirit   .   (helmet restricted)
rElec    .         Reflect  .   (no cloak)
rCorr    .         Harm     .   (gloves unavailable)
MR       .....                  (boots unavailable)
Stlth    +.........             (no amulet)
HPRegen  0.49/turn              (no ring)
MPRegen  0.07/turn              (no ring)

@: paralysed
A: large, unfitting armour, claws 3, fast metabolism 3, gourmand, regeneration
1, shaggy fur 1, tough skin 3
a: no special abilities


You were on level 2 of the Dungeon.
You were very full.

You visited 1 branch of the dungeon, and saw 2 of its levels.

You collected 21 gold pieces.

Inventory:

Armour
 a - a +0 robe (worn)
 b - a +0 kite shield (worn)
Scrolls
 f - 2 scrolls of remove curse {unknown}
 g - a scroll of blinking {unknown}
 h - a scroll of teleportation {unknown}
Potions
 c - a potion of might
 e - 2 potions of resistance {unknown}
Comestibles
 d - 6 rations {!d}


   Skills:
 - Level 2.4 Fighting
 - Level 2.4 Dodging
 * Level 3.0 Shields
 + Level 2.4 Unarmed Combat


You had one spell level left.
You didn't know any spells.
Your spell library was empty.

Dungeon Overview and Level Annotations

Branches:
Dungeon (2/15)

Altars:

Annotations:
D:2 Crazy Yiuf


Innate Abilities, Weirdness & Mutations

You are too large for most types of armour.
You have claws for hands.
Your metabolism is lightning-fast.
You like to eat raw meat.
Your natural rate of healing is unusually fast.
You are covered in fur. (AC +1)
You have extremely tough skin. (AC +3)


Message History

No target in view!
No target in view!
You butcher the leopard gecko corpse.
h - a chunk of flesh You see here a leopard gecko skeleton. x2
Eating a chunk of flesh.
You eat the chunk of flesh.
This raw flesh tastes great.
You open the door.
Found a robe.
There is an open door here.
A kobold comes into view. It is wielding a +2 dagger of freezing.
The kobold shouts!
You see here a robe.
A kobold is nearby!
A kobold is nearby!
A kobold is nearby!
The kobold hits you but does no damage.
You closely miss the kobold. The kobold closely misses you.
You claw the kobold!
You kill the kobold!
Your Shields skill increases to level 3!
No target in view!
No target in view!
Things that are here:
a +2 dagger of freezing; a kobold corpse A dart slug comes into view.
A dart slug is nearby!
A dart slug is nearby!
A dart slug is nearby!
The helpless dart slug fails to defend itself.
You claw the dart slug!
The dart slug is almost dead.
The dart slug launches a dart at you. The slug dart misses you.
You claw the dart slug!
You kill the dart slug!
No target in view!
There is a shaft here.
Found a ring mail.
You open the large door.
There is a large open door here.
There is a large open door here.
There is a large open door here.
There is a large open door here.
You see here a spear.
Found 7 stones.
You see here 7 stones.
Done exploring.
Done exploring.
There is a stone staircase leading down here.
You climb downwards.
There is a stone staircase leading up here.
A kobold comes into view. It is wielding a +0 whip.
A bat comes into view.
The kobold throws a stone.
You block the stone.
You see here a stone.
There are monsters nearby!
There are monsters nearby!
The kobold throws a stone.
You block the stone.
You see here a stone.
Found 21 stones.
The bat hits you but does no damage.
Found 3 gold pieces.
You scratch the kobold.
You kill the kobold!
You block the bat's attack. x2
The bat barely misses you.
Things that are here:
a +0 whip; a stone; a kobold corpse You closely miss the bat.
The bat hits you but does no damage. You block the bat's attack.
You miss the bat. The bat misses you.
You closely miss the bat. The bat hits you but does no damage.
The bat closely misses you. You block the bat's attack.
You closely miss the bat. The bat closely misses you. x2
You closely miss the bat. The bat hits you but does no damage.
The bat barely misses you. You block the bat's attack.
You scratch the bat.
The bat is moderately wounded.
The bat barely misses you. The bat hits you but does no damage.
The bat hits you but does no damage.
Found a mace.
The bat hits you but does no damage.
Found a mace.
You block the bat's attack.
You barely miss the bat.
The bat is moderately wounded.
The bat barely misses you.
You miss the bat.
The bat is moderately wounded.
The bat hits you but does no damage.
No target in view!
No target in view!
The bat is too close now for your liking.
A bat is nearby!
A bat is nearby!
You scratch the bat.
You kill the bat!
No target in view!
No target in view!
You butcher the bat corpse.
h - a chunk of flesh You see here a bat skeleton. x2
Eating a chunk of flesh.
You eat the chunk of flesh.
This raw flesh tastes great.
Things that are here:
a +0 whip; a stone; a kobold corpse
h - a scroll labeled BORAEG ZOVITHEA You now have 21 gold pieces (gained 3).
You open the door.
There is an open door here.
There is an open door here.
You see here a bat skeleton.
Found 14 gold pieces.
Found a mace.
You see here a mace.
You see here a mace.
Found five maces and two runed maces.
Found a runed translucent door.
You see here a mace.
Crazy Yiuf shouts!
Crazy Yiuf laughs, "Cake bag verde!"
Found a mace.
You see here a mace.
You see here a mace.
Found three maces.
You see here a runed mace.
As you open the door, it creaks loudly!
Crazy Yiuf says, "Shower tired canine!"
You closely miss Crazy Yiuf.
Crazy Yiuf hits you with a +3 quarterstaff of chaos!
You feel your power leaking away.
You claw Crazy Yiuf!
Crazy Yiuf is heavily wounded.
Crazy Yiuf laughs, "Snoogle!
Gum eyeball song."
Crazy Yiuf hits you with a +3 quarterstaff of chaos!
You scratch Crazy Yiuf but do no damage.
Crazy Yiuf is heavily wounded.
Crazy Yiuf hits you with a +3 quarterstaff of chaos.
* * * LOW HITPOINT WARNING * * *
Crazy Yiuf freezes you.
* * * LOW HITPOINT WARNING * * *
You barely miss Crazy Yiuf.
Crazy Yiuf is heavily wounded.
Crazy Yiuf hits you with a +3 quarterstaff of chaos.
* * * LOW HITPOINT WARNING * * *
You suddenly lose the ability to move!
Crazy Yiuf hits you with a +3 quarterstaff of chaos!
You die...

### ♣♣######## #)))#♣♣
♣♣P....$..#
#.))g@♣♣♣♣.P....##.#
#)))#♣))♣)PP...###.# ###
♣♣♣)♣).....##.##
♣♣♣♣♣##.÷....# ##..#.(##
##################.....##
+...........(.(..)......'
####....######.##....#.##
#.......# #.##.#.##.##


You could see Crazy Yiuf.

Vanquished Creatures
  An ooze (D:1)
  2 dart slugs (D:1)
  A leopard gecko (D:1)
  A hobgoblin (D:1)
  2 ball pythons (D:1)
  2 bats
  2 frilled lizards (D:1)
  3 kobolds
  2 rats (D:1)
16 creatures vanquished.

Notes
Turn   | Place    | Note
-------+----------+-------------------------------------------
     0 | D:1      | CryoSword the Troll Fighter began the quest for the Orb.
     0 | D:1      | Reached XP level 1. HP: 22/22 MP: 0/0
   200 | D:1      | Reached XP level 2. HP: 29/29 MP: 1/1
   391 | D:1      | Reached skill level 3 in Shields
   682 | D:2      | Found a runed translucent door.
   683 | D:2      | Noticed Crazy Yiuf
   690 | D:2      | Paralysed by Crazy Yiuf for 2 turns
   691 | D:2      | Mangled by Crazy Yiuf

Levels and vault maps discovered:
D:1:      matt_arrival_refuge, layout_basic
D:2:      layout_loops_corners, nicolae_overflow_crystal_walls, tgw_trog,
          minmay_close_crescents, uniq_crazy_yiuf_cottage, uniq_natasha

Skill      XL: |  1  2 |
---------------+-------+-----
Shields        | 3 |  3.0
Fighting       | |  2.4
Dodging        | |  2.4
Unarmed Combat | |  2.4

Action                   || total
-------------------------++-------
Melee: Unarmed           ||    36
 Stab: Sleeping          ||     1
  Eat: Chunk             ||    10
Armor: Robe              ||    14
Dodge: Dodged            ||    15
Block: Kite shield       ||    12

Table legend:
 A = Non-vault XP
 B = Vault XP
 C = Vault XP percentage of total XP
 D = Non-vault monster count
 E = Vault monster count
 F = Vault count percentage of total count
                 A         B        C        D         E       F
            +---------+---------+-------+---------+---------+-------
      Total |      33 |       0 |   0.0 |      16 |       0 |   0.0
            +---------+---------+-------+---------+---------+-------
        D:1 |      30 |       0 |   0.0 |      14 |       0 |   0.0
        D:2 |       3 |       0 |   0.0 |       2 |       0 |   0.0
            +---------+---------+-------+---------+---------+-------
